 Dungeon Crawl Stone Soup version 0.29.1-15-g9cfb28693d (webtiles) character file.

Game seed: 14017725882882164218

28 Heoruswealwe the Caller (level 2, 0/15 HPs)
             Began as a Deep Elf Summoner on Feb 21, 2023.
             Slain by Robin
             ... wielding a +0 falchion of venom
              (5 damage)
             ... on level 2 of the Dungeon.
             The game lasted 00:16:25 (1670 turns).

Heoruswealwe the Caller (Deep Elf Summoner)         Turns: 1670, Time: 00:16:25

Health: 0/15       AC:  6    Str:  4 (5)  XL:     2   Next: 96%
Magic:  0/9        EV: 12    Int: 16 (19) God:
Gold:   99         SH:  0    Dex: 14 (15) Spells: 8/9 levels left

rFire   . . .      SeeInvis +   g - +2 mace (venom)
rCold   . . .      Faith    .   (no shield)
rNeg    . . .      Spirit   .   u - +4 robe of Fuzinyaran {Rampage Drain Regen+ SInv}
rPois   +          Reflect  .   (no helmet)
rElec   .          Harm     .   (no cloak)
rCorr   .          Rampage  +   (no gloves)
Will    .....                   (no boots)
Stlth   ++........              (no amulet)
HPRegen 0.85/turn               j - ring of poison resistance
MPRegen 0.11/turn               (no ring)

@: lethally poisoned (0 -> -2), hasted, very quick
A: no striking features
a: no special abilities


You were on level 2 of the Dungeon.
You visited 1 branch of the dungeon, and saw 2 of its levels.

You collected 101 gold pieces.
You donated 2 gold pieces to Zin.

Inventory:

Hand Weapons
 f - a +0 club
 g - a +2 mace of venom (weapon)
 i - a +0 whip
 k - a +0 short sword
 n - a +0 club
 o - a +0 short sword
 q - a +0 dagger
Missiles
 c - 6 poisoned darts
 e - 18 stones
Armour
 a - a +0 robe
 d - a +0 robe
 m - a +0 chain mail
 r - a +0 robe
 t - a +0 scale mail
 u - the +4 robe of Fuzinyaran (worn) {Rampage Drain Regen+ SInv}
   (You found it on level 2 of the Dungeon)

   SInv:      It lets you see invisible.
   Regen:     It increases your rate of health regeneration.
   Drain:     It drains your maximum health when unequipped.
   Rampage:   It bestows one free step when moving towards enemies.
Jewellery
 j - a ring of poison resistance (left hand)
Scrolls
 p - a scroll of teleportation {unknown}
Potions
 b - a potion of magic
 l - a potion of mutation {unknown}
 s - a potion of lignification {unknown}


   Skills:
 - Level 2.4 Dodging
 - Level 2.4 Stealth
 + Level 4.0 Spellcasting
 + Level 4.9 Summonings


You had 8 spell levels left.
You knew the following spells:

 Your Spells              Type           Power      Damage    Failure   Level
a - Summon Small Mammal   Summ           76%        N/A       2%          1

Your spell library contained the following spells:

 Spells                   Type           Power      Damage    Failure   Level
 Call Imp                 Summ           19%        N/A       3%          2
 Call Canine Familiar     Summ           19%        N/A       6%          3
 Sting                    Tmut/Pois      12%        1d3       17%         1
 Summon Guardian Golem    Hex/Summ       11%        N/A       19%         3
 Poisonous Vapours        Pois/Air       6%         N/A       26%         2
 Summon Lightning Spire   Summ/Air       11%        N/A       52%         4
 Olgreb's Toxic Radiance  Pois           3%         N/A       86%         4


Dungeon Overview and Level Annotations

Branches:
Dungeon (2/15)

Altars:
Zin

Shops:
D:2 *

Annotations:
D:2 Robin


Message History

Robin hits your quokka with a +0 falchion of venom.
Your quokka dies!
Your quokka's corpse disappears in a puff of smoke!
Casting: Summon Small Mammal (safe; 2% risk of failure)
Confirm with . or Enter, or press ? or * to list all spells.
Robin hits your quokka with a +0 falchion of venom.
Your quokka dies!
Your quokka's corpse disappears in a puff of smoke!
Robin hits your rat with a +0 falchion of venom.
Your rat dies!
Your rat's corpse disappears in a puff of smoke!
You rampage towards Robin!
Robin barely misses you.
You closely miss Robin.
Robin is heavily wounded.
Robin hits you with a +0 falchion of venom.
Robin says, "My army is invincible!"
Robin closely misses you.
You completely miss Robin.
Robin is heavily wounded.
Robin barely misses you.
You hit Robin.
Robin is heavily wounded.
Robin barely misses you.
You barely miss Robin.
Robin is heavily wounded.
Robin hits you with a +0 falchion of venom.
Robin hits you but does no damage.
You are poisoned.
You completely miss Robin.
Robin is heavily wounded.
You feel very sick. Robin hits you but does no damage.
You are more poisoned.
Casting: Summon Small Mammal (safe; 2% risk of failure)
Confirm with . or Enter, or press ? or * to list all spells.
You feel sick.
Robin hits you with a +0 falchion of venom.
You feel yourself speed up.
You feel sick.
Robin hits you with a +0 falchion of venom.
You die... ############## #.......rg@.<# #.############

You could see Robin (ally target) and a friendly rat (summoned).

Vanquished Creatures
  An endoplasm (D:2)
  A hobgoblin (D:2)
  A quokka (D:1)
  A kobold (D:2)
  2 rats
6 creatures vanquished.

Vanquished Creatures (collateral kills)
  A worm (D:2)
  2 endoplasms (D:1)
  2 goblins (D:2)
  3 hobgoblins
  2 kobolds (D:1)
  A ball python (D:1)
  A bat (D:1)
  3 frilled lizards (D:1)
  4 rats (D:1)
19 creatures vanquished.

Vanquished Creatures (others)
  5 fungi (D:1)
  16 plants (D:1)
21 creatures vanquished.

Grand Total: 46 creatures vanquished

Notes
Turn   | Place    | Note
-------+----------+-------------------------------------------
     0 | D:1      | Heoruswealwe the Deep Elf Summoner began the quest for the
                  | Orb.
     0 | D:1      | Reached XP level 1. HP: 10/10 MP: 6/6
   321 | D:1      | Found a faded altar of an unknown god.
   330 | D:1      | Prayed at the altar of an unknown god.
   330 | D:1      | Became a worshipper of Zin the Law-Giver
   330 | D:1      | Reached * piety under Zin
   351 | D:1      | Reached XP level 2. HP: 15/15 MP: 4/8
   459 | D:1      | Fell from the grace of Zin
  1479 | D:2      | Found Ecuqyute's General Store.
  1511 | D:2      | Identified the +4 robe of Fuzinyaran {Rampage Drain Regen+
                  | SInv}
  1628 | D:2      | Noticed Robin
  1670 | D:2      | Slain by Robin

Illustrated notes

Levels and vault maps discovered:
D:1:      dpeg_arrival_radiant, layout_loops_ring,
          shapermc_ecumenical_altar_mp_ritualfount
D:2:      minmay_chambers_of_ones, layout_basic, serial_shops,
          nicolae_shop_stone, chequers_garden, lexackson_kobold_supper,
          uniq_robin, uniq_jessica

Skill      XL: |  1  2 |
---------------+-------+-----
Spellcasting   | 4 |  4.0
Dodging        | |  2.4
Stealth        | |  2.4
Summonings     | |  4.9

Action                   || total
-------------------------++-------
Melee: Club              ||    70
       Mace              ||    10
       Short sword       ||     3
       Punch             ||     3
 Cast: Summon Small Mamm ||    42
Invok: Renounce Religion ||     1
  Use: Scroll            ||     3
       Potion            ||     3
 Stab: Sleeping          ||     1
Armor: Robe              ||     5
Dodge: Dodged            ||    18
